 Dungeon Crawl Stone Soup version 0.28-a0-1117-g0bdd5ba030 (webtiles) character file.

Game seed: 4092095646926608577

78 SensoryNuts the Slasher (level 4, 0/34 HPs)
             Began as a Demonspawn Gladiator on Dec 11, 2021.
             Slain by a hobgoblin (6 damage)
             ... led by Robin
             ... on level 2 of the Dungeon.
             The game lasted 00:01:10 (1669 turns).

SensoryNuts the Slasher (Demonspawn Gladiator)      Turns: 1669, Time: 00:01:11

Health: 0/34       AC:  5    Str: 17    XL:     4   Next: 15%
Magic:  4/4        EV: 13    Int:  9    God:
Gold:   115        SH:  0    Dex: 14    Spells: 3/3 levels left

rFire   . . .      SeeInvis .   a - +0 long sword
rCold   . . .      Faith    .   (no shield)
rNeg    . . .      Spirit   .   i - +2 robe {Will+}
rPois   .          Reflect  .   c - +0 helmet
rElec   .          Harm     .   (no cloak)
rCorr   .          Rampage  .   (no gloves)
Will    +....                   (no boots)
Stlth   +.........              (no amulet)
HPRegen 0.11/turn               (no ring)
MPRegen 0.09/turn               (no ring)

@: no status effects
A: hooves 1, foul stench 1, demonic touch 1
a: no special abilities


You were on level 2 of the Dungeon.
You visited 1 branch of the dungeon, and saw 2 of its levels.

You collected 115 gold pieces.

Inventory:

Hand Weapons
 a - a +0 long sword (weapon)
Missiles
 d - 3 throwing nets (quivered)
Armour
 b - a +0 leather armour
 c - a +0 helmet (worn)
 i - a +2 robe of willpower (worn)
Scrolls
 e - 3 scrolls of fear {unknown}
 h - a scroll of enchant weapon {unknown}
 j - a scroll of identify {unknown}
 l - a scroll of noise {unknown}
Potions
 f - a potion of mutation {unknown}
 g - a potion of curing {unknown}
 k - a potion of resistance {unknown}
 m - a potion of magic {unknown}


   Skills:
 + Level 2.6 Fighting
 + Level 3.4 Long Blades
 + Level 2.1 Throwing
 + Level 0.5 Armour
 + Level 3.3 Dodging
 + Level 0.1 Stealth


You had 3 spell levels left.
You didn't know any spells.
Your spell library was empty.

Dungeon Overview and Level Annotations

Branches:
Dungeon (2/15)

Altars:

Annotations:
D:2 Robin


Innate Abilities, Weirdness & Mutations

You have large cloven feet.
You may rarely emit foul miasma when damaged in melee.
Your touch may inflict minor irresistible damage on your foes.


Message History

You hit the hobgoblin.
You kill the hobgoblin!
The goblin hits you with a +0 dagger.
You emit a cloud of foul miasma!
The goblin is engulfed in dark miasma.
The goblin is poisoned.
You kill the goblin!
The goblin barely misses you. The goblin completely misses you.
You barely miss the goblin.
The goblin is engulfed in dark miasma.
The goblin is poisoned.
The goblin hits you but does no damage.
The goblin unwields a +0 hunting sling.
The goblin wields a +0 club.
The goblin hits you with a +0 club.
The goblin hits you with a +0 dagger. x2
The hobgoblin hits you. The goblin closely misses you.
You closely miss the goblin. Your touch misses the goblin.
The goblin is heavily wounded.
The goblin is engulfed in dark miasma.
The goblin looks even sicker.
You kill the goblin!
The goblin hits you with a +0 dagger. The goblin hits you but does no damage.
The hobgoblin closely misses you. The goblin closely misses you.
You are too injured to fight recklessly!
You are too injured to fight recklessly!
You are too injured to fight recklessly!
You are too injured to fight recklessly!
You are too injured to fight recklessly!
You are too injured to fight recklessly!
You are too injured to fight recklessly!
You are too injured to fight recklessly!
You are too injured to fight recklessly!
You are too injured to fight recklessly!
Unknown command.
You closely miss the goblin. The goblin hits you but does no damage.
The goblin hits you with a +0 dagger. The goblin barely misses you.
The hobgoblin hits you but does no damage.
The goblin hits you but does no damage. The hobgoblin closely misses you.
The goblin hits you with a +0 dagger.
* * * LOW HITPOINT WARNING * * *
You hit the goblin.
You kill the goblin!
The goblin barely misses you. The goblin hits you with a +0 club.
* * * LOW HITPOINT WARNING * * *
The hobgoblin hits you.
You die...

### ### #.
...............
.............!.
###
...............
#..
...............
##.
...............
#..
#......g......#
######.#
#..gā—‹ā—‹..#
####......#
#.g@gg#
##....######
##g)g####..####
##.####..##
#......##
########


You could see Robin, 3 hobgoblins and 3 goblins.

Vanquished Creatures
  Jessica (D:2)
  A gnoll (D:1)
  2 dart slugs (D:1)
  4 endoplasms
  3 giant cockroaches
  7 goblins
  3 hobgoblins
  2 quokkas (D:1)
  7 ball pythons
  4 bats (D:2)
  3 frilled lizards
  3 rats
40 creatures vanquished.

Notes
Turn   | Place    | Note
-------+----------+-------------------------------------------
     0 | D:1      | SensoryNuts the Demonspawn Gladiator began the quest for
                  | the Orb.
     0 | D:1      | Reached XP level 1. HP: 16/16 MP: 1/1
   353 | D:1      | Gained mutation: You may rarely emit foul miasma when
                  | damaged in melee. [demonic ancestry]
   353 | D:1      | Reached XP level 2. HP: 22/22 MP: 2/2
   501 | D:1      | Discovered your monstrous ancestry.
   501 | D:1      | Gained mutation: Your touch may inflict minor irresistible
                  | damage on your foes. [demonic ancestry]
   501 | D:1      | Reached XP level 3. HP: 7/28 MP: 3/3
  1011 | D:2      | Noticed Jessica
  1016 | D:2      | Killed Jessica
  1203 | D:2      | Gained mutation: You have large cloven feet. [demonic
                  | ancestry]
  1203 | D:2      | Reached XP level 4. HP: 33/34 MP: 4/4
  1381 | D:2      | Found a faded altar of an unknown god.
  1660 | D:2      | Noticed Robin
  1669 | D:2      | Slain by a hobgoblin

Illustrated notes

Levels and vault maps discovered:
D:1:      minmay_arrival_five_plusses, layout_basic
D:2:      kennysheep_six_static_rooms, layout_loops_ring,
          hellmonk_ecumenical_altar_zigzags, hex_tiny,
          nicolae_figureground_pulse, uniq_robin, uniq_jessica

Skill      XL: |  1  2 |
---------------+-------+-----
Dodging        | 3 |  3.3
Throwing       | 2 |  2.1
Long Blades    | 3 |  3.4
Fighting       | |  2.6
Armour         | |  0.5
Stealth        | |  0.1

Action                   |  1- 3 |  4- 6 || total
-------------------------+-------+-------++-------
Melee: Long sword        |    69 |    18 ||    87
       Touch             |     5 |     1 ||     6
       Kick              |       |     2 ||     2
 Stab: Sleeping          |     1 |       ||     1
Armor: Leather armour    |    12 |       ||    12
       Robe              |     5 |    12 ||    17
Dodge: Dodged            |    48 |    22 ||    70

Table legend: (Time is in decaauts)
 A = Elapsed time spent in this place.
 B = Non-inter-level travel time spent in this place.
 C = Inter-level travel time spent in this place.
 D = Time resting spent in this place.
 E = Time spent auto-exploring this place.
 F = Levels seen in this place.
 G = Mean time per level.
                   A        B        C        D        E       F      G
               +--------+--------+--------+--------+--------+-----+--------+
         Total |   1690 |   1690 |      0 |      0 |   1440 |   2 |  845.0 |
       Dungeon |   1690 |   1690 |      0 |      0 |   1440 |   2 |  845.0 |
               +--------+--------+--------+--------+--------+-----+--------+

Top non-repeatable levels by time:
     D:2: 854 daAuts
     D:1: 836 daAuts
